 Dungeon Crawl Stone Soup version bcrawl-1.21.2-28-g2cb1824106 (webtiles) character file.

Game seed: 3554756596107295494

46784 BeastOfSaturn the Lord of Darkness (level 14, -2/95 HPs)
             Began as a Demonspawn Necromancer on Mar 4, 2020.
             Was the Champion of Kikubaaqudgha.
             Killed from afar by an ice dragon (30 damage)
             ... with a blast of cold
             ... on level 12 of the Dungeon on Mar 6, 2020.
             The game lasted 01:53:50 (20803 turns).

BeastOfSaturn the Lord of Darkness (DsNe)          Turns: 20803, Time: 01:53:51

Health: -2/95      AC: 12    Str: 15    XL:     14   Next: 6%
Magic:  13/17      EV: 11    Int: 21    God:    Kikubaaqudgha [******]
Gold:   679        SH: 15    Dex: 23    Spells: 2/17 levels left

rFire    . . .     SeeInvis .   G - +12 whip "Dethruiz" {pain, *Drain +Inv Dex+3}
rCold    . . .     Gourm    .   U - +0 medium shield
rNeg     . . .     Faith    .   F - +0 steam dragon scales
rPois    +         Spirit   .   M - +0 helmet
rElec    .         Reflect  +   I - +0 cloak
rCorr    .         Harm     .   d - +1 pair of gloves
MR       +++..     NoTele   +   (no boots)
Stlth    +++.......             J - +5 amulet of reflection
HPRegen  0.25/turn              l - ring of poison resistance
MPRegen  0.15/turn              j - ring "Inygyec" {-Tele rPois MR++ Str+2 Int+4 Stlth-}

@: no status effects
A: claws 1, thin skeletal structure 3, demonic guardian 1, foul stench 1, rot
immunity
a: Receive Corpses, Torment, Renounce Religion, Evoke Invisibility


You were on level 12 of the Dungeon.
You worshipped Kikubaaqudgha.
Kikubaaqudgha was exalted by your worship.
You were not hungry.

You visited 2 branches of the dungeon, and saw 17 of its levels.
You also visited: Ossuary.

You collected 1445 gold pieces.
You spent 766 gold pieces at shops.

Inventory:

Hand Weapons
 D - a +0 demon whip of flaming
 G - the +12 whip "Dethruiz" (weapon) {pain, *Drain +Inv Dex+3}
   (You took it off a gnoll on level 6 of the Dungeon)

   In the hands of one skilled in necromantic magic, it inflicts extra damage on
   living creatures.
   It affects your dexterity (+3).
   It lets you turn invisible.
   It causes draining when unequipped.
 R - the +2 whip "Ogre's Bane" {slash, rC+ rN++ Str-3}
   (You found it on level 5 of the Lair of Beasts)

   It inflicts extra damage upon your enemies.
   It affects your strength (-3).
   It protects you from cold.
   It greatly protects you from negative energy.
Armour
 d - a +1 pair of gloves (worn)
 y - +0 acid dragon scales
 z - a +1 chain mail of fire resistance
 B - a +0 buckler
 F - +0 steam dragon scales (worn)
 I - a +0 cloak (worn)
 M - a +0 helmet (worn)
 U - a +0 medium shield (worn)
Jewellery
 b - an uncursed amulet of magic regeneration
 f - an uncursed ring of fire
 j - the ring "Inygyec" (right hand) {-Tele rPois MR++ Str+2 Int+4 Stlth-}
   (You found it on level 8 of the Dungeon)

   [ring of poison resistance]

   It affects your strength (+2).
   It affects your intelligence (+4).
   It protects you from poison.
   It affects your resistance to hostile enchantments.
   It prevents most forms of teleportation.
   It makes you less stealthy.
 l - a ring of poison resistance (left hand)
 J - a +5 amulet of reflection (around neck)
 N - an uncursed ring of magical power
 X - an uncursed amulet of faith
Wands
 a - a wand of acid (8)
 u - a wand of iceblast (30)
 v - a wand of random effects (5)
 K - a wand of polymorph (6)
 P - a wand of paralysis (5)
 Q - a wand of enslavement (12)
 Y - a wand of disintegration (14)
Scrolls
 g - 2 scrolls of enchant weapon
 i - a scroll of silence {unknown}
 q - 2 scrolls of fear
 r - 2 scrolls of fog
 s - 8 scrolls of remove curse
 t - a scroll of magic mapping
 w - 5 scrolls of blinking
 A - 12 scrolls of teleportation
 C - 4 scrolls of enchant armour
 L - a scroll of amnesia
 O - a scroll of immolation
 W - a scroll of vulnerability {unknown}
Potions
 c - 5 potions of mutation
 h - 2 potions of haste
 k - 5 potions of flight
 m - 2 potions of agility
 n - a potion of heal wounds
 o - 3 potions of magic
 p - 2 potions of brilliance
 x - 7 potions of curing
 E - 2 potions of berserk rage
 H - 3 potions of resistance
 S - a potion of invisibility {unknown}
 T - a potion of lignification {unknown}
 V - 2 potions of ambrosia
Comestibles
 e - 16 rations {!d}


   Skills:
 - Level 4.1 Fighting
 * Level 11.5 Maces & Flails
   Level 4.5 Polearms
 * Level 10.3 Armour
 - Level 2.0 Dodging
 - Level 2.0 Stealth
 * Level 4.3 Shields
 - Level 2.0 Spellcasting
 - Level 1.8 Charms
 * Level 16.8 Necromancy


You had 2 spell levels left.
You knew the following spells:

 Your Spells              Type           Power        Failure   Level  Hunger
a - Bolt of Draining      Conj/Necr      #####.....   45%         5    ######.
c - Vampiric Draining     Necr           ######....   1%          3    ###....
d - Animate Dead          Necr           N/A          1%          4    #####..
e - Regeneration          Chrm/Necr      #####.....   3%          3    ###....

Your spell library contained the following spells:

 Spells                   Type           Power        Failure   Level  Hunger
 Animate Skeleton         Necr           N/A          1%          1    #......
 Pain                     Necr           ######       1%          1    #......
 Corpse Rot               Necr           N/A          1%          2    ##.....
 Sublimation of Blood     Necr           ######....   1%          2    ##.....
 Infusion                 Chrm           #.......     28%         1    #......
 Song of Slaying          Chrm           #.......     38%         2    ##.....
 Apportation              Tloc           #.....       50%         1    #......
 Beastly Appendage        Tmut           #.....       50%         1    #......
 Corona                   Hex            #......      50%         1    #......
 Summon Butterflies       Summ           #.......     50%         1    #......
 Ensorcelled Hibernation  Hex/Ice        #.....       65%         2    ##.....
 Sticks to Snakes         Tmut           #.......     65%         2    ##.....
 Agony                    Necr           ######..     1%          5    ######.
 Dispel Undead            Necr           ######..     1%          5    ######.
 Ozocubu's Armour         Chrm/Ice       #.......     77%         3    ###....
 Spectral Weapon          Hex/Chrm       #.......     77%         3    ###....
 Beckoning                Tloc           #.........   86%         3    ###....
 Confuse                  Hex            #.......     86%         3    ###....
 Dazzling Spray           Conj/Hex       #.....       86%         3    ###....
 Spider Form              Tmut/Pois      #..          86%         3    ###....
 Tukima's Dance           Hex            #.......     86%         3    ###....
 Death Channel            Chrm/Necr      #####.....   88%         6    #######
 Borgnjor's Vile Clutch   Necr/Erth      #####.....   95%         6    #######
 Borgnjor's Revivificati  Necr           ######....   98%         8    #######
 Ice Form                 Ice/Tmut       #.......     99%         4    #####..
 Blade Hands              Tmut           #.........   100%        5    ######.
 Invisibility             Hex            #.......     100%        6    #######
 Haunt                    Necr/Summ      #####.....   100%        7    #######
 Necromutation            Tmut/Necr      #####...     100%        8    #######


Dungeon Overview and Level Annotations

Branches:
Dungeon (12/12)            Temple (0/1) D:7            Lair (5/6) D:9
 Shoals (0/3) Lair:4        Snake (0/3) Lair:4          Orc (0/1) D:10
 Depths (0/5) D:12
  Slime: Lair:5-6    Vaults: D:11-12

Altars:
Cheibriados
Elyvilon
Hepliaklqana
Kikubaaqudgha
Qazlal
Ru
Sif Muna
Trog

Shops:
D:4 =*   D:8 (   D:10 *

Annotations:
D:5 Sigmund


Innate Abilities, Weirdness & Mutations

You have sharp fingernails.
You have an unnaturally thin skeletal structure. (Dex +6, Stealth++)
A weak demonic guardian rushes to your aid.
You may emit foul miasma when damaged in melee.
You are immune to rotting.


Message History

You hit the ice dragon.
The ice dragon writhes in agony.
The ice dragon is heavily wounded.
You block the ice dragon's attack. The ice dragon claws you.
* * * LOW HITPOINT WARNING * * *
You block the ice dragon's attack.
Your quasit closely misses the ice dragon.
Your quasit claws the ice dragon but does no damage. x2
You hit the ice dragon but do no damage.
The ice dragon writhes in agony!
The ice dragon is severely wounded.
Your hound zombie bites the ice dragon but does no damage.
You hit the ice dragon.
The ice dragon writhes in agony.
The ice dragon is severely wounded.
Your quasit completely misses the ice dragon.
Your quasit closely misses the ice dragon.
Your quasit claws the ice dragon but does no damage.
The ice dragon breathes frost at you. The blast of cold hits you!!
You die...
Kikubaaqudgha rasps: "You have failed me!
Welcome... death!"

#... ##.##
.# ###
######>##
#..##Z5Z##
#..#Z@#.$#
#..#5D#ZZ#
#..#$.#.$#
#..#$.#.$#
#..#..#..#
#..##...##
##.###.##
# #.Z##.#
#.###### #
#.....#
.......#


You could see an ice dragon, a friendly quasit, a friendly white imp, a friendly
hound zombie, a friendly fire dragon zombie and a friendly troll zombie.

Vanquished Creatures
  A fire dragon (D:12)
  A yaktaur captain (D:12)
  4 hydras
  A catoblepas (Lair:5)
  A centaur warrior (D:12)
  A two-headed ogre (D:9)
  A tengu warrior (D:10)
  2 death yaks (Lair:3)
  2 skeletal warriors (D:9)
  2 unseen horrors
  A cyclops (D:11)
  A wolf spider (D:12)
  2 manticores (D:11)
  4 ugly things
  2 torpor snails
  Joseph (D:8)
  8 cane toads
  A centaur skeleton (D:10)
  A gargoyle (D:11)
  4 rime drakes (Lair:5)
  A kobold demonologist (D:11)
  4 komodo dragons
  A tengu conjurer (D:10)
  3 trolls
  A polar bear (Lair:4)
  3 slime creatures (D:10)
  3 hornets
  3 blink frogs (Lair:5)
  3 dream sheep (Lair:4)
  11 hippogriffs
  A snapping turtle (Lair:4)
  46 yaks
  6 wyverns
  2 steam dragons
  2 hungry ghosts
  6 basilisks
  A warg (D:10)
  7 nagas (Lair:4)
  7 water moccasins
  9 crocodiles
  8 porcupines
  2 ice beasts
  4 sky beasts
  2 ogres
  6 orc warriors
  2 phantoms
  2 black bears
  A hornet zombie (D:9)
  5 wolves (Lair:2)
  4 centaurs
  14 bullfrogs
  A big kobold (D:12)
  3 scorpions
  7 wights (D:11)
  8 killer bees
  2 electric eels (Lair:3)
  2 howler monkeys
  5 crimson imps
  2 centaur zombies
  A quasit (D:12)
  6 orc priests
  7 hounds
  Crazy Yiuf (D:6)
  A bullfrog skeleton (D:5)
  A human zombie (Ossuary)
  A jelly (D:6)
  2 iguanas
  8 orc wizards
  2 worker ants
  2 big kobold zombies (Ossuary)
  2 hound zombies
  2 hound skeletons
  3 mummies (Ossuary)
  A howler monkey zombie (D:5)
  10 gnolls
  A howler monkey skeleton (D:7)
  10 adders
  2 shadow imps
  An ooze (D:3)
  An adder skeleton (D:6)
  2 adder zombies
  4 worms
  4 dart slugs
  5 leopard geckos
  33 orcs
  3 bats (D:2)
  3 giant cockroaches
  11 goblins
  10 hobgoblins
  8 jackals
  A quokka (D:3)
  A ball python (D:4)
  5 frilled lizards
  A gnoll zombie (Ossuary)
  6 goblin zombies (Ossuary)
  4 hobgoblin zombies (Ossuary)
  3 jackal zombies (Ossuary)
  15 kobolds
  5 kobold zombies (Ossuary)
  A leopard gecko skeleton (D:6)
  4 orc zombies (Ossuary)
  A quokka zombie (Ossuary)
  6 rats
  3 rat zombies (Ossuary)
445 creatures vanquished.

Vanquished Creatures (collateral kills)
  2 hydras
  The ghost of MisterOstroum the Fighter, a novice MiFi of Ru (Lair:1)
  A death yak (Lair:3)
  2 centaur skeletons
  2 cane toads
  A komodo dragon (Lair:1)
  3 rime drakes (Lair:5)
  2 dream sheep (Lair:4)
  3 hippogriffs
  20 yaks
  A wyvern (Lair:5)
  A naga (Lair:4)
  A crocodile (Lair:5)
  An acid dragon (Lair:2)
  An orc warrior (D:6)
  A necrophage (D:7)
  3 ogres
  A centaur (D:6)
  A big kobold (D:10)
  A wyvern skeleton (D:8)
  2 killer bees
  A crimson imp (D:6)
  A centaur zombie (D:8)
  A hound (D:7)
  2 orc wizards
  A worker ant (D:8)
  A killer bee zombie (D:8)
  A hound skeleton (D:7)
  A worker ant zombie (D:9)
  A gnoll (D:5)
  3 adders
  11 orcs
  A hobgoblin (D:3)
  4 jackals
  4 kobolds
  2 quokkas (D:5)
  A hobgoblin zombie (Ossuary)
  A butterfly (Lair:3)
  4 fungi
  3 plants
95 creatures vanquished.

Vanquished Creatures (others)
  An orc (D:3)
  2 quokkas (D:3)
  7 fungi
  8 plants
18 creatures vanquished.

Grand Total: 558 creatures vanquished

Notes
Turn   | Place    | Note
-------+----------+-------------------------------------------
     0 | D:1      | BeastOfSaturn the Demonspawn Necromancer began the quest
                  | for the Orb.
     0 | D:1      | Reached XP level 1. HP: 13/13 MP: 3/3
   665 | D:1      | Gained mutation: You have a somewhat thin skeletal
                  | structure. (Dex +2, Stealth) [demonic ancestry]
   665 | D:1      | Reached XP level 2. HP: 19/19 MP: 5/5
   817 | D:1      | Reached skill level 5 in Necromancy
  1441 | D:1      | Gained mutation: You have a moderately thin skeletal
                  | structure. (Dex +4, Stealth+) [demonic ancestry]
  1441 | D:1      | Reached XP level 3. HP: 23/24 MP: 3/6
  1446 | D:1      | Learned a level 3 spell: Vampiric Draining
  1939 | D:2      | Reached skill level 1 in Armour
  2263 | D:2      | Found a hazy altar of Hepliaklqana.
  2310 | D:2      | Gained mutation: A weak demonic guardian rushes to your
                  | aid. [demonic ancestry]
  2310 | D:2      | Reached XP level 4. HP: 26/31 MP: 7/7
  2959 | D:3      | Found a white marble altar of Elyvilon.
  2978 | D:3      | Reached skill level 1 in Fighting
  3220 | D:3      | Reached skill level 6 in Necromancy
  3220 | D:3      | Reached XP level 5. HP: 13/37 MP: 8/8
  3529 | D:3      | Noticed an ogre
  3541 | D:3      | Killed an ogre
  3990 | D:4      | Found Reggiplo's Assorted Antiques.
  3994 | D:4      | Noticed a sky beast
  4002 | D:4      | Killed a sky beast
  4002 | D:4      | Gained mutation: You are immune to rotting. [demonic
                  | ancestry]
  4002 | D:4      | Reached XP level 6. HP: 43/44 MP: 7/9
  4011 | D:4      | Learned a level 4 spell: Animate Dead
  4014 | D:4      | Bought a scroll labeled OBERUXK POKA for 21 gold pieces
  4014 | D:4      | Bought a scroll of identify for 42 gold pieces
  4014 | D:4      | Bought a short lead wand for 84 gold pieces
  4014 | D:4      | Bought a fluorescent wand for 84 gold pieces
  4246 | D:4      | Noticed a moth of wrath
  4249 | D:4      | Found a bloodstained altar of Trog.
  4538 | D:4      | Gained mutation: You have sharp fingernails. [demonic
                  | ancestry]
  4538 | D:4      | Reached XP level 7. HP: 37/51 MP: 10/10
  4555 | D:4      | Found a sand-covered staircase.
  4560 | Ossuary  | Entered an ossuary
  4711 | Ossuary  | Reached skill level 7 in Necromancy
  5253 | D:4      | Found Tefavurph's Jewellery Emporium.
  6056 | D:5      | Entered Level 5 of the Dungeon
  6084 | D:5      | Noticed Sigmund
  6100 | D:5      | Reached skill level 5 in Armour
  6186 | D:5      | Noticed a hippogriff
  6202 | D:5      | Killed a hippogriff
  6202 | D:5      | Reached skill level 1 in Polearms
  6202 | D:5      | Gained mutation: You may emit foul miasma when damaged in
                  | melee. [demonic ancestry]
  6202 | D:5      | Reached XP level 8. HP: 14/60 MP: 2/11
  6635 | D:5      | Found a shimmering blue altar of Sif Muna.
  6640 | D:5      | Found a white marble altar of Elyvilon.
  6656 | D:5      | Found a snail-covered altar of Cheibriados.
  7756 | D:6      | Found a runed door.
  7864 | D:6      | Reached skill level 8 in Necromancy
  7985 | D:6      | Identified the +12 whip "Dethruiz" {pain, *Drain +Inv
                  | Dex+3}
  8324 | D:6      | Reached XP level 9. HP: 50/65 MP: 12/12
  8347 | D:6      | Reached skill level 1 in Maces & Flails
  8643 | D:6      | Noticed Crazy Yiuf
  8670 | D:6      | Killed Crazy Yiuf
  8821 | D:6      | Found a stormy altar of Qazlal.
  9202 | D:7      | Found a sacrificial altar of Ru.
  9202 | D:7      | Found an ancient bone altar of Kikubaaqudgha.
  9206 | D:7      | Became a worshipper of Kikubaaqudgha
  9290 | D:7      | Learned a level 3 spell: Regeneration
  9612 | D:7      | Found a staircase to the Ecumenical Temple.
  9630 | D:7      | Reached skill level 9 in Necromancy
  9668 | D:7      | Reached * piety under Kikubaaqudgha
  9668 | D:7      | Identified Kikubaaqudgha's Tome of Dark Rituals
                  | (Kikubaaqudgha gifted it to you on level 7 of the Dungeon)
  9668 | D:7      | Received a gift from Kikubaaqudgha
 10434 | D:8      | Reached skill level 5 in Maces & Flails
 10497 | D:8      | Reached XP level 10. HP: 42/71 MP: 7/13
 10578 | D:8      | Found Gydusyxi's Antique Weapon Shop.
 10785 | D:8      | Reached ** piety under Kikubaaqudgha
 10790 | D:8      | Reached skill level 1 in Charms
 10790 | D:8      | Reached skill level 10 in Necromancy
 10805 | D:8      | Got a warped silver ring
 10817 | D:8      | Identified the ring "Inygyec" {-Tele rPois MR++ Str+2 Int+4
                  | Stlth-} (You found it on level 8 of the Dungeon)
 11160 | D:8      | Noticed Joseph
 11183 | D:8      | Killed Joseph
 11280 | D:9      | Noticed a skeletal warrior
 11639 | D:9      | Noticed a cyan ugly thing
 11653 | D:9      | Killed a cyan ugly thing
 11682 | D:9      | Noticed a two-headed ogre
 11694 | D:9      | Killed a two-headed ogre
 11891 | D:9      | Found a staircase to the Lair.
 12014 | D:9      | Reached skill level 11 in Necromancy
 12036 | D:9      | Reached *** piety under Kikubaaqudgha
 12036 | D:9      | Identified Kikubaaqudgha's Tome of Darkness (Kikubaaqudgha
                  | gifted it to you on level 9 of the Dungeon)
 12036 | D:9      | Received a gift from Kikubaaqudgha
 12041 | D:9      | Reached XP level 11. HP: 50/77 MP: 14/14
 12186 | D:9      | Noticed a skeletal warrior
 12186 | D:9      | Noticed a skeletal warrior
 12187 | D:9      | Noticed a skeletal warrior
 12696 | Lair:1   | Entered Level 1 of the Lair of Beasts
 12702 | Lair:1   | Noticed an eight-headed hydra
 12976 | D:9      | HP: 2/77 [skeletal warrior/+0 war axe[a skeletal warrior]
                  | (22)]
 12984 | D:9      | Killed a skeletal warrior
 13269 | D:10     | Entered Level 10 of the Dungeon
 13269 | D:10     | Noticed a tengu warrior
 13350 | D:10     | Found Pomacs's General Store.
 13383 | D:10     | Killed an unseen horror
 13383 | D:10     | Reached skill level 1 in Shields
 13568 | D:10     | Found a staircase to the Orcish Mines.
 13801 | D:9      | Killed a skeletal warrior
 14142 | D:4      | Bought a +5 amulet of reflection for 535 gold pieces
 14311 | Lair:1   | Killed an eight-headed hydra
 14439 | Lair:1   | Noticed a six-headed hydra
 14448 | Lair:1   | Killed a six-headed hydra
 14488 | Lair:1   | Found a runed translucent door.
 14503 | Lair:1   | Reached skill level 12 in Necromancy
 14528 | Lair:1   | Noticed MisterOstroum's ghost (novice MiFi)
 14667 | Lair:1   | Killed MisterOstroum's ghost
 15157 | Lair:2   | Gained mutation: You have an unnaturally thin skeletal
                  | structure. (Dex +6, Stealth++) [demonic ancestry]
 15157 | Lair:2   | Reached XP level 12. HP: 62/83 MP: 15/15
 15222 | Lair:2   | Reached skill level 13 in Necromancy
 15280 | Lair:2   | Reached **** piety under Kikubaaqudgha
 15306 | Lair:2   | Found a gate leading to a gauntlet.
 15808 | Lair:3   | Noticed a death yak
 15808 | Lair:3   | Noticed a death yak
 15808 | Lair:3   | Noticed a death yak
 15920 | Lair:3   | Noticed a five-headed hydra
 15935 | Lair:3   | Killed a five-headed hydra
 16052 | Lair:3   | Killed a death yak
 16122 | Lair:3   | HP: 1/83 [yak (14)]
 16605 | Lair:3   | Killed a death yak
 16605 | Lair:3   | Reached skill level 14 in Necromancy
 16635 | Lair:3   | Killed a death yak
 17371 | Lair:4   | Learned a level 5 spell: Bolt of Draining
 17414 | Lair:4   | Found a staircase to the Snake Pit.
 17428 | Lair:4   | Reached skill level 15 in Necromancy
 17441 | Lair:4   | Reached ***** piety under Kikubaaqudgha
 17537 | Lair:4   | Reached XP level 13. HP: 66/88 MP: 16/16
 17724 | Lair:4   | Found a staircase to the Shoals.
 17957 | Lair:4   | Reached skill level 10 in Maces & Flails
 18649 | Lair:5   | Reached skill level 10 in Armour
 18679 | Lair:5   | Got a dazzling whip
 18680 | Lair:5   | Identified the +2 whip "Ogre's Bane" {slash, rC+ rN++
                  | Str-3} (You found it on level 5 of the Lair of Beasts)
 19094 | Lair:5   | Reached skill level 16 in Necromancy
 19753 | D:10     | Reached ****** piety under Kikubaaqudgha
 20401 | D:12     | Entered Level 12 of the Dungeon
 20620 | D:12     | Reached XP level 14. HP: 65/95 MP: 17/17
 20621 | D:12     | Received a gift from Kikubaaqudgha
 20779 | D:12     | Found a staircase to the Depths.
 20803 | D:12     | Killed from afar by an ice dragon

Skill      XL: |  1  2  3  4  5  6  7  8  9 10 11 12 13 |
---------------+----------------------------------------+-----
Necromancy     | 5 6 7 8 9 11 12 15 16 | 16.8
Armour         | 1 2 3 4 5 6 7 8 9 10 | 10.3
Dodging        | 2 |  2.0
Fighting       | 1 2 4 |  4.1
Polearms       | 1 4 |  4.5
Maces & Flails | 5 7 9 11 | 11.5
Charms         | 1 |  1.8
Shields        | 3 4 |  4.3
Stealth        | |  2.0
Spellcasting   | |  2.0

Action                   |  1- 3 |  4- 6 |  7- 9 | 10-12 | 13-15 || total
-------------------------+-------+-------+-------+-------+-------++-------
Melee: Dagger            |    97 |       |       |       |       ||    97
       Short sword       |    59 |   108 |   181 |       |       ||   348
       Halberd           |       |       |   161 |       |       ||   161
       Whip              |       |       |   144 |   563 |   372 ||  1079
 Cast: Animate Skeleton  |    14 |     8 |     1 |       |       ||    23
       Pain              |     2 |     3 |       |       |       ||     5
       Vampiric Draining |     1 |       |     5 |     1 |     1 ||     8
       Animate Dead      |       |     2 |    26 |    45 |    34 ||   107
       Regeneration      |       |       |     7 |    18 |    10 ||    35
Invok: Receive Corpses   |       |       |     1 |     3 |       ||     4
       Receive Necronomi |       |       |       |       |     1 ||     1
  Use: Scroll            |       |     6 |     3 |    13 |     7 ||    29
       Potion            |       |       |     1 |     2 |     3 ||     6
 Stab: Sleeping          |     6 |     7 |    11 |    10 |    12 ||    46
       Distracted        |       |     1 |     1 |    10 |     7 ||    19
  Eat: Chunk             |     5 |     5 |       |     2 |     4 ||    16
       Ration            |       |     1 |    10 |    10 |     5 ||    26
Armor: Robe              |     4 |       |       |       |       ||     4
       Ring mail         |    77 |    37 |   213 |    79 |       ||   406
       Steam dragon scal |       |       |       |    59 |    60 ||   119
Dodge: Dodged            |    81 |    46 |   243 |   194 |   105 ||   669
Block: Buckler           |       |       |       |   119 |   110 ||   229
       Reflection        |       |       |       |     1 |     4 ||     5
       Medium shield     |       |       |       |       |    37 ||    37
